Map: [ESL] Hecate

Players

MaNa

  • Race: Protoss Protoss
  • Spawn Location: 1:00

HeroMarine - Winner!

  • Race: Terran Terran
  • Spawn Location: 7:00

Event: ESL SC2 Masters 2023 Winter (Regional)

VOD

Have the link to the VOD?

Description

Time

  • Played on: Nov. 11, 2023, 12:07 p.m.
  • Length: 6:16

All games in this series

Show
View Real Time Build Order
Export as new Build Order

MaNa Protoss 

Build Orders: 1 Gate Expand, Oracle Opening, Phoenix Opening 

Get SALT Encoding   

  12  0:00  Probe  
  13  0:12  Probe  
  14  0:17  Pylon  
  14  0:24  Probe (Chrono Boost)  
  15  0:37  Gateway, Probe (Chrono Boost)  
  16  0:43  Probe (Chrono Boost)  
  16  0:47  Assimilator  
  17  0:51  Probe  
  18  1:03  Probe  
  19  1:15  Probe  
  20  1:24  Cybernetics Core  
  20  1:33  Nexus  
  20  1:38  Probe  
  21  1:43  Pylon  
  21  1:50  Probe  
  21  1:53  Assimilator  
  22  1:59  Adept (Chrono Boost)  
  22  2:03  Probe  
  25  2:15  Probe  
  26  2:20  Stargate  
  26  2:21  Adept (Chrono Boost)  
  26  2:27  Probe  
  29  2:33  Warp Gate  
  29  2:39  Probe  
  30  2:49  Stalker  
  30  2:51  Probe x2  
  34  3:03  Probe x2  
  36  3:07  Oracle (Chrono Boost)  
  39  3:15  Probe x2  
  41  3:20  Pylon  
  41  3:27  Probe x2  
  41  3:31  Gateway  
  43  3:35  Phoenix (Chrono Boost)  
  43  3:39  Probe x2  
  47  3:48  Robotics Facility  
  47  3:51  Assimilator, Probe x2  
  49  3:59  Assimilator  
  49  4:03  Probe  
  49  4:04  Probe  
  49  4:06  Shield Battery, Phoenix  
  53  4:15  Probe  
  54  4:25  Pylon  
  54  4:36  Robotics Bay  
  54  4:41  Pylon  
  54  4:42  Phoenix  
  54  4:43  Probe x2  
  54  4:45  Immortal (Chrono Boost)  
  62  4:55  Pylon  
  62  4:59  Probe x2  
  64  5:07  Phoenix  
  64  5:10  Pylon  
  64  5:11  Sentry, Probe x2  
  70  5:20  Nexus  
  70  5:24  Probe x2  
  78  5:36  Probe  
  78  5:40  Phoenix  
  81  5:44  Zealot  
  81  5:45  Zealot  
  81  5:48  Shield Battery  
  75  6:01  Pylon  
Show
View Real Time Build Order
Export as new Build Order

HeroMarine Terran - Winner!

Build Orders: Cyclone Opening 

Get SALT Encoding   

  12  0:00  SCV  
  13  0:12  SCV  
  14  0:16  Supply Depot  
  14  0:24  SCV  
  15  0:38  SCV  
  15  0:39  Barracks  
  16  0:43  Refinery  
  16  0:50  SCV  
  16  0:52  Refinery  
  17  1:02  SCV  
  18  1:14  SCV  
  19  1:26  Reaper  
  19  1:27  Orbital Command  
  19  1:30  Supply Depot  
  20  1:41  Factory  
  20  1:52  SCV  
  21  1:58  Reaper  
  22  2:04  SCV  
  23  2:16  SCV  
  23  2:17  Command Center  
  24  2:24  Cyclone  
  24  2:29  SCV  
  27  2:32  Barracks Reactor  
  27  2:38  Barracks  
  27  2:41  SCV  
  28  2:46  Supply Depot  
  28  2:53  SCV  
  28  2:56  Widow Mine  
  31  3:03  Barracks  
  31  3:07  SCV  
  31  3:08  Marine x2  
  34  3:18  Factory Tech Lab  
  35  3:20  SCV  
  35  3:26  Marine x2  
  37  3:29  Orbital Command  
  37  3:32  SCV  
  38  3:43  Stimpack  
  38  3:44  Marine x3, SCV  
  38  3:47  Factory Tech Lab  
  42  3:55  SCV  
  43  3:56  SCV  
  43  4:02  Marine x3  
  46  4:06  Supply Depot  
  46  4:07  SCV  
  46  4:08  SCV  
  45  4:18  Combat Shield  
  45  4:19  SCV  
  45  4:20  SCV, Marine  
  45  4:21  Marine, Marauder x2  
  53  4:28  Engineering Bay  
  53  4:31  SCV  
  53  4:32  SCV  
  53  4:38  Marine  
  56  4:39  Marine  
  56  4:43  SCV  
  62  4:49  Supply Depot, SCV  
  62  4:51  Factory Reactor  
  62  4:52  Starport  
  59  4:56  SCV  
  59  4:58  Missile Turret, Marine  
  59  4:59  Marine x2  
  62  5:02  Marine  
  62  5:11  Supply Depot, SCV x2  
  64  5:15  Missile Turret  
  64  5:16  Marine x2  
  64  5:17  Marine  
  64  5:20  Marine  
  68  5:23  SCV x2  
  68  5:34  Supply Depot  
  68  5:35  SCV x2  
  70  5:36  Factory Reactor, Marine x2, Refinery  
  70  5:37  Marine  
  70  5:38  Marine  
  70  5:40  Medivac  
  70  5:41  Medivac  
  77  5:46  Supply Depot  
  76  5:53  SCV x2  
Tags
 
Add a new tag
Caveats
  • Supply blocks, unpowered buildings, or Contaminate may cause inaccurate times.
  • Supply counts are checked every 10 seconds.